Montreal Canadiens vs Minnesota North Stars
Created - Thursday, March 30, 2023 at 07:11
Goals
|
| Montreal Canadiens |
2 |
3 |
1 |
6 |
| Minnesota North Stars |
0 |
0 |
2 |
2 |
|
Shots
|
| Montreal Canadiens |
14 |
9 |
7 |
30 |
| Minnesota North Stars |
10 |
5 |
15 |
30 |
|
1st period
1. Montreal Canadiens , Christian Fischer 2 (Filip Forsberg 14, Sidney Crosby 16) at 10:26
2. Montreal Canadiens , Miles Wood 8 (Filip Hronek 3, Brady Skjei 7) at 19:51
Penalties :
Alex Goligoski (MNS) for Hooking (Minor) at 3:49, Zdeno Chara (MNS) for Fighting (Major) at 17:23, Laurent Dauphin (MTL) for Fighting (Major) at 17:23
2nd period
3. Montreal Canadiens , Tomas Nosek 2 (Scott Mayfield 2, Colton Sceviour 2) at 3:37
4. Montreal Canadiens , Martin Necas 8 (Brady Skjei 8) at 13:50
5. Montreal Canadiens , Filip Forsberg 9 (Sidney Crosby 17, Patrik Laine 4) at 18:10 (PP)
Penalties :
Nino Niederreiter (MNS) for Goalie Interference (Minor) at 1:20, Jeff Skinner (MNS) for Hooking (Minor) at 8:17, Conor Sheary (MNS) for High sticking (Minor) at 16:13, Evgeni Malkin (MNS) for Interference (Minor) at 18:23
3rd period
6. Montreal Canadiens , Filip Forsberg 10 (Sidney Crosby 18, Christian Fischer 5) at 6:50 (PP)
7. Minnesota North Stars , Viktor Arvidsson 3 (Jeff Skinner 8, Zdeno Chara 5) at 7:25
8. Minnesota North Stars , Viktor Arvidsson 4 (Adam Lowry 3) at 8:55
Penalties :
Adam Lowry (MNS) for Roughing (Minor) at 1:19, Adam Lowry (MNS) for Slashing (Minor) at 5:59, Zdeno Chara (MNS) for Fighting (Major) at 8:06, Sidney Crosby (MTL) for Fighting (Major) at 8:06, Miles Wood (MTL) for Hooking (Minor) at 10:50, Sidney Crosby (MTL) for Slashing (Minor) at 14:10, Tyler Myers (MTL) for Hooking (Minor) at 17:41, Nino Niederreiter (MNS) for Hooking (Minor) at 19:59
Goalie Stats
Jacob Markstrom (MTL), 28 saves from 30 shots - (0.933), W, 6-4-1, 60:00 minutes
Brian Elliott (MNS), 7 saves from 8 shots - (0.875), 21:50 minutes
Antti Raanta (MNS), 17 saves from 22 shots - (0.773), L, 2-4-0, 38:10 minutes
Players Stats for Montreal Canadiens
Player Name G A P +/- PIM S H SB GA TA FO MP PP MP PK MP
------------------------------------------------------------------------------------
Adam Fox 0 0 0 1 0 0 1 2 0 1 0/0 28:14 7:47 3:17
Alexandre Carrier 0 0 0 1 0 0 1 3 0 2 0/0 12:48 0:00 0:54
Brady Skjei 0 2 2 0 0 1 2 0 0 1 0/0 20:07 4:56 2:55
Christian Fischer 1 1 2 0 0 2 4 1 0 0 0/0 18:08 5:01 0:14
Colton Sceviour 0 1 1 1 0 0 2 0 0 0 0/0 8:48 0:00 0:35
Filip Forsberg 2 1 3 0 0 5 1 0 1 0 0/0 20:03 7:33 0:00
Filip Hronek 0 1 1 0 0 0 1 3 0 0 0/0 25:05 8:24 2:40
Jack Quinn 0 0 0 0 0 2 0 0 0 0 0/0 8:23 0:00 0:00
Laurent Dauphin 0 0 0 1 5 2 1 0 0 0 1/2 8:36 0:09 0:42
Martin Necas 1 0 1 1 0 5 1 0 1 0 7/20 18:59 5:01 2:00
Matty Beniers 0 0 0 0 0 2 1 0 0 0 2/4 13:55 5:01 0:00
Miles Wood 1 0 1 1 2 3 0 1 0 0 0/3 12:06 0:09 0:09
Patrik Laine 0 1 1 1 0 1 1 0 1 0 0/1 20:44 7:33 1:53
Scott Mayfield 0 1 1 1 0 0 0 0 0 1 0/0 11:30 0:00 0:00
Sidney Crosby 0 3 3 0 7 3 0 0 1 0 17/27 19:34 7:33 0:58
Tomas Nosek 1 0 1 1 0 2 0 0 0 1 3/9 10:44 0:00 2:31
Tyler Myers 0 0 0 1 2 1 5 0 0 2 0/0 22:16 4:19 2:08
Tyson Jost 0 0 0 0 0 1 1 0 0 0 1/2 13:58 0:09 2:52
Players Stats for Minnesota North Stars
Player Name G A P +/- PIM S H SB GA TA FO MP PP MP PK MP
------------------------------------------------------------------------------------
Adam Lowry 0 1 1 1 4 0 3 0 0 0 10/16 17:15 0:00 5:45
Alex Goligoski 0 0 0 1 2 0 1 2 0 0 0/0 19:23 2:47 3:51
Andrew Poturalski 0 0 0 0 0 0 2 1 0 0 2/6 13:52 2:36 0:00
Conor Sheary 0 0 0 0 2 1 0 1 0 0 0/0 5:11 0:00 0:00
David Perron 0 0 0 -3 0 1 1 2 0 0 0/2 19:39 3:19 3:42
Evgeni Malkin 0 0 0 -3 2 5 2 0 1 0 21/31 19:39 3:19 3:15
Frank Vatrano 0 0 0 0 0 0 0 0 0 0 0/0 0:20 0:02 0:00
Gustav Forsling 0 0 0 -4 0 0 1 2 0 0 0/0 16:28 0:27 1:20
Gustav Nyquist 0 0 0 0 0 2 0 0 0 0 0/0 13:31 0:02 1:46
Jack Hughes 0 0 0 -3 0 5 1 1 2 0 4/9 26:46 3:16 6:51
Jeff Skinner 0 1 1 1 2 4 3 0 0 0 0/0 14:26 2:34 0:00
Justin Holl 0 0 0 -3 0 0 1 0 0 0 0/0 10:28 0:00 0:00
Neal Pionk 0 0 0 1 0 0 3 2 2 0 0/0 21:04 3:52 5:02
Nino Niederreiter 0 0 0 0 4 0 0 0 0 0 0/0 5:18 0:00 0:00
Rasmus Dahlin 0 0 0 0 0 6 2 0 0 1 0/0 29:35 3:10 8:19
Viktor Arvidsson 2 0 2 1 0 4 1 0 2 0 0/0 14:23 2:36 0:00
Yegor Sharangovich 0 0 0 0 0 1 0 1 1 1 0/4 16:50 0:07 4:07
Zdeno Chara 0 1 1 1 10 1 1 0 0 2 0/0 22:59 1:38 6:54
3 Stars
1 - Filip Forsberg (MTL)
2 - Christian Fischer (MTL)
3 - Viktor Arvidsson (MNS)
Power Play
Montreal Canadiens - 2 on 8 Attempt(s) - 25.00%
Minnesota North Stars - 0 on 3 Attempt(s) - 0.00%
Penalty Kill
Montreal Canadiens - 3 on 3 Attempt(s) - 100.00%
- Score 0 goal in Penalty Kill
Minnesota North Stars - 6 on 8 Attempt(s) - 75.00%
- Score 0 goal in Penalty Kill
Team Stat
Montreal Canadiens - Hits : 22 - Faceoff Wins : 31 - Blocked Shots : 10 - Penalty Minutes : 16
Minnesota North Stars - Hits : 22 - Faceoff Wins : 37 - Blocked Shots : 12 - Penalty Minutes : 26
Official
Referees : Unknown
Linesman : Unknown
Game Notes
Zdeno Chara beats up Laurent Dauphin at 17:23 of 1st period
Brian Elliott enters game at 18:10 of 2nd period
Zdeno Chara and Sidney Crosby fight to a draw at 8:06 of 3rd period
Finance
Level 1 -- Attendance: 4645 (77.42%) -- Ticket Income $464,500
Level 2 -- Attendance: 3788 (75.76%) -- Ticket Income $227,280
Level 3 -- Attendance: 3000 (100.00%) -- Ticket Income $105,000
Level 4 -- Attendance: 3958 (79.16%) -- Ticket Income $98,950
Luxury Box -- Attendance: 708 (70.80%) -- Ticket Income $141,600
Game was played at the Met Center.
Total Attendance: 16099 (80.50%)
Total Ticket Income: $1,037,330
Other Income: $363,066
Total Income: $1,400,396
Montreal Canadiens
5 vs 5 Forward
Center Left Wing Right Wing Time % Phy DF OF
1 Sidney Crosby Filip Forsberg Christian Fischer 30 1 1 3
2 Martin Necas Patrik Laine Miles Wood 30 1 1 2
3 Matty Beniers Tyson Jost Jack Quinn 20 1 2 1
4 Tomas Nosek Colton Sceviour Laurent Dauphin 20 1 2 1
5 vs 5 Defense
Defense Defense Time % Phy DF OF
1 Tyler Myers Adam Fox 40 1 2 2
2 Brady Skjei Filip Hronek 30 1 2 2
3 Scott Mayfield Alexandre Carrier 25 1 2 2
4 Adam Fox Filip Hronek 5 1 1 2
PowerPlay Forward
Center Left Wing Right Wing Time % Phy DF OF
1 Sidney Crosby Filip Forsberg Patrik Laine 80 1 2 2
2 Matty Beniers Christian Fischer Martin Necas 20 1 2 2
PowerPlay Defense
Defense Defense Time % Phy DF OF
1 Adam Fox Filip Hronek 75 1 2 2
2 Brady Skjei Tyler Myers 25 1 2 2
Penalty Kill 4 Players Forward
Center Wing Time % Phy DF OF
1 Sidney Crosby Tyson Jost 60 1 2 2
2 Tomas Nosek Colton Sceviour 40 1 2 2
Penalty Kill 4 Players Defense
Defense Defense Time % Phy DF OF
1 Tyler Myers Adam Fox 60 1 2 2
2 Brady Skjei Filip Hronek 40 1 2 2
Penalty Kill - 3 Players Forward
Forward Time % Phy DF OF
1 Tomas Nosek 60 1 2 2
2 Tyson Jost 40 1 2 2
Penalty Kill - 3 Players Defense
Defense Defense Time % Phy DF OF
1 Tyler Myers Adam Fox 60 1 2 2
2 Brady Skjei Scott Mayfield 40 1 2 2
4 vs 4 Forward
Center Wing Time % Phy DF OF
1 Sidney Crosby Filip Forsberg 60 1 2 2
2 Martin Necas Patrik Laine 40 1 2 2
4 vs 4 Defense
Defense Defense Time % Phy DF OF
1 Tyler Myers Adam Fox 60 1 2 2
2 Brady Skjei Filip Hronek 40 1 2 2
Last Minutes Offensive
Center Left Wing Right Wing Defense Defense
Sidney Crosby Filip Forsberg Patrik Laine Tyler Myers Adam Fox
Last Minutes Defensive
Center Left Wing Right Wing Defense Defense
Sidney Crosby Tyson Jost Tomas Nosek Tyler Myers Adam Fox
Goaltenders
Starting : Jacob Markstrom
Backup : Daniel Vladar
Extra Forwards
Normal : Tyson Jost, Matty Beniers, Tomas Nosek - PP : Tyson Jost, Matty Beniers - PK : Tomas Nosek
Extra Defensemen
Normal : Adam Fox, Alexandre Carrier, Brady Skjei - PP : Adam Fox - PK : Alexandre Carrier, Brady Skjei
Penalty Shots
Sidney Crosby, Filip Forsberg, Patrik Laine, Martin Necas, Miles Wood
Minnesota North Stars
5 vs 5 Forward
Center Left Wing Right Wing Time % Phy DF OF
1 Evgeni Malkin Jack Hughes David Perron 40 1 2 2
2 Adam Lowry Jeff Skinner Viktor Arvidsson 31 1 2 2
3 Andrew Poturalski Yegor Sharangovich Gustav Nyquist 24 1 2 2
4 Jack Hughes Conor Sheary Nino Niederreiter 5 1 2 2
5 vs 5 Defense
Defense Defense Time % Phy DF OF
1 Rasmus Dahlin Zdeno Chara 40 1 2 2
2 Neal Pionk Alex Goligoski 30 1 2 2
3 Justin Holl Gustav Forsling 20 1 2 2
4 Rasmus Dahlin Zdeno Chara 10 1 2 2
PowerPlay Forward
Center Left Wing Right Wing Time % Phy DF OF
1 Evgeni Malkin Jack Hughes David Perron 60 1 2 2
2 Andrew Poturalski Jeff Skinner Viktor Arvidsson 40 1 2 2
PowerPlay Defense
Defense Defense Time % Phy DF OF
1 Rasmus Dahlin Zdeno Chara 60 1 2 2
2 Neal Pionk Alex Goligoski 40 1 2 2
Penalty Kill 4 Players Forward
Center Wing Time % Phy DF OF
1 Adam Lowry Jack Hughes 60 1 2 2
2 Evgeni Malkin David Perron 40 1 2 2
Penalty Kill 4 Players Defense
Defense Defense Time % Phy DF OF
1 Rasmus Dahlin Zdeno Chara 60 1 2 2
2 Neal Pionk Alex Goligoski 40 1 2 2
Penalty Kill - 3 Players Forward
Forward Time % Phy DF OF
1 Evgeni Malkin 60 1 2 2
2 Adam Lowry 40 1 2 2
Penalty Kill - 3 Players Defense
Defense Defense Time % Phy DF OF
1 Gustav Forsling Zdeno Chara 60 1 2 2
2 Neal Pionk Alex Goligoski 40 1 2 2
4 vs 4 Forward
Center Wing Time % Phy DF OF
1 Evgeni Malkin Jack Hughes 60 1 2 2
2 Adam Lowry David Perron 40 1 2 2
4 vs 4 Defense
Defense Defense Time % Phy DF OF
1 Rasmus Dahlin Zdeno Chara 60 1 2 2
2 Neal Pionk Alex Goligoski 40 1 2 2
Last Minutes Offensive
Center Left Wing Right Wing Defense Defense
Evgeni Malkin Jack Hughes David Perron Rasmus Dahlin Zdeno Chara
Last Minutes Defensive
Center Left Wing Right Wing Defense Defense
Evgeni Malkin Jack Hughes David Perron Rasmus Dahlin Zdeno Chara
Goaltenders
Starting : Antti Raanta
Backup : Brian Elliott
Extra Forwards
Normal : Evgeni Malkin, Jack Hughes, Jeff Skinner - PP : Evgeni Malkin, Jack Hughes - PK : Adam Lowry
Extra Defensemen
Normal : Rasmus Dahlin, Gustav Forsling, Neal Pionk - PP : Rasmus Dahlin - PK : Gustav Forsling, Neal Pionk
Penalty Shots
Evgeni Malkin, Jack Hughes, Jeff Skinner, David Perron, Yegor Sharangovich
% Time on Ice - Montreal Canadiens
Lines # - Real PCT - Wanted PCT - Time Play
Normal Forward
1 - 31% - 30% - 13:01
2 - 28% - 30% - 11:43
3 - 20% - 20% - 8:23
4 - 20% - 20% - 8:13
Normal Defense
1 - 41% - 40% - 17:01
2 - 30% - 30% - 12:16
3 - 28% - 25% - 11:30
4 - 1% - 5% - 0:33
PP Forward
1 - 61% - 80% - 7:42
2 - 39% - 20% - 5:01
PP Defense
1 - 66% - 75% - 8:24
2 - 34% - 25% - 4:19
PK Forward
1 - 90% - 60% - 5:22
2 - 10% - 40% - 0:35
PK Defense
1 - 59% - 60% - 3:31
2 - 41% - 40% - 2:26
PK3 Forward
1 - 0% - 60%
2 - 0% - 40%
PK3 Defense
1 - 0% - 60%
2 - 0% - 40%
44 Forward
1 - 0% - 60%
2 - 0% - 40%
44 Defense
1 - 0% - 60%
2 - 0% - 40%
Last Minute Offensive - 0:00
Last Minute Defensive - 0:00
Total
Forward - 60:00
Defense - 60:00
|
% Time on Ice - Minnesota North Stars
Lines # - Real PCT - Wanted PCT - Time Play
Normal Forward
1 - 32% - 40% - 13:14
2 - 29% - 31% - 11:48
3 - 27% - 24% - 11:06
4 - 13% - 5% - 5:12
Normal Defense
1 - 42% - 40% - 17:13
2 - 29% - 30% - 12:04
3 - 25% - 20% - 10:28
4 - 4% - 10% - 1:35
PP Forward
1 - 56% - 60% - 3:21
2 - 44% - 40% - 2:36
PP Defense
1 - 61% - 60% - 3:37
2 - 39% - 40% - 2:20
PK Forward
1 - 71% - 60% - 9:01
2 - 29% - 40% - 3:42
PK Defense
1 - 60% - 60% - 7:41
2 - 40% - 40% - 5:02
PK3 Forward
1 - 0% - 60%
2 - 0% - 40%
PK3 Defense
1 - 0% - 60%
2 - 0% - 40%
44 Forward
1 - 0% - 60%
2 - 0% - 40%
44 Defense
1 - 0% - 60%
2 - 0% - 40%
Last Minute Offensive - 0:00
Last Minute Defensive - 0:00
Total
Forward - 60:00
Defense - 60:00
|
Play-by-Play
1st period
0:01 of 1st period - Sidney Crosby wins face-off versus Evgeni Malkin in neutral zone.
0:23 of 1st period - Icing by Rasmus Dahlin.
0:24 of 1st period - Evgeni Malkin wins face-off versus Martin Necas in Minnesota North Stars zone.
0:34 of 1st period - Adam Lowry is hit by Patrik Laine and loses puck.
0:39 of 1st period - Slapshot by Patrik Laine.
0:39 of 1st period - Stopped by Antti Raanta with a rebound.
0:51 of 1st period - Andrew Poturalski is hit by Brady Skjei and loses puck.
1:10 of 1st period - Snap shot by Yegor Sharangovich.
1:10 of 1st period - Shot Blocked by Alexandre Carrier.
1:12 of 1st period - Slapshot by Conor Sheary.
1:12 of 1st period - Stopped by Jacob Markstrom without a rebound.
1:13 of 1st period - Laurent Dauphin wins face-off versus Jack Hughes in Montreal Canadiens zone.
1:38 of 1st period - Christian Fischer is hit by Neal Pionk and loses puck.
2:03 of 1st period - Wrist shot by Jack Quinn.
2:03 of 1st period - Stopped by Antti Raanta with a rebound.
2:47 of 1st period - Wrist shot by Martin Necas.
2:47 of 1st period - Deflect By Jeff Skinner.
2:47 of 1st period - Stopped by Antti Raanta with a rebound.
3:33 of 1st period - Snap shot by Patrik Laine.
3:33 of 1st period - Shot Blocked by David Perron.
3:39 of 1st period - Snap shot by Martin Necas.
3:39 of 1st period - Shot Misses the Net.
3:41 of 1st period - Slapshot by Brady Skjei.
3:41 of 1st period - Shot Misses the Net.
3:49 of 1st period - Minor Penalty to Alex Goligoski for Hooking.
3:50 of 1st period - Adam Lowry wins face-off versus Sidney Crosby in Minnesota North Stars zone.
3:56 of 1st period - Icing by Filip Hronek.
3:57 of 1st period - Adam Lowry wins face-off versus Sidney Crosby in Montreal Canadiens zone.
4:00 of 1st period - Slapshot by Rasmus Dahlin.
4:00 of 1st period - Shot Misses the Net.
4:02 of 1st period - Snap shot by Rasmus Dahlin.
4:02 of 1st period - Stopped by Jacob Markstrom with a rebound.
4:04 of 1st period - Slapshot by Zdeno Chara.
4:04 of 1st period - Shot Blocked by Filip Hronek.
4:26 of 1st period - Snap shot by Sidney Crosby.
4:26 of 1st period - Stopped by Antti Raanta with a rebound.
4:28 of 1st period - Slapshot by Adam Fox.
4:28 of 1st period - Deflect By Sidney Crosby.
4:28 of 1st period - Stopped by Antti Raanta with a rebound.
4:30 of 1st period - Snap shot by Filip Forsberg.
4:30 of 1st period - Shot Misses the Net.
4:59 of 1st period - Neal Pionk is hit by Tyler Myers and loses puck.
5:40 of 1st period - Gustav Nyquist is hit by Tyler Myers and loses puck.
5:49 of 1st period - Penalty to Alex Goligoski is over, Alex Goligoski is back on ice.
6:43 of 1st period - Patrik Laine is hit by Justin Holl and loses puck.
6:48 of 1st period - Slapshot by Jeff Skinner.
6:48 of 1st period - Shot Misses the Net.
7:58 of 1st period - Tyler Myers is hit by Adam Lowry and loses puck.
8:33 of 1st period - Alex Goligoski is hit by Christian Fischer and loses puck.
8:58 of 1st period - Zdeno Chara is hit by Colton Sceviour and loses puck.
9:11 of 1st period - Evgeni Malkin is hit by Christian Fischer and loses puck.
9:24 of 1st period - Wrist shot by Patrik Laine.
9:24 of 1st period - Deflect By Martin Necas.
9:24 of 1st period - Stopped by Antti Raanta with a rebound.
9:26 of 1st period - Snap shot by Miles Wood.
9:26 of 1st period - Shot Blocked by Gustav Forsling.
9:45 of 1st period - Icing by Alexandre Carrier.
9:46 of 1st period - Evgeni Malkin wins face-off versus Sidney Crosby in Montreal Canadiens zone.
10:12 of 1st period - Off-side.
10:13 of 1st period - Martin Necas wins face-off versus Jack Hughes in neutral zone.
10:16 of 1st period - Wrist shot by Martin Necas.
10:16 of 1st period - Stopped by Antti Raanta without a rebound.
10:17 of 1st period - Sidney Crosby wins face-off versus Jack Hughes in Minnesota North Stars zone.
10:18 of 1st period - Wrist shot by Filip Forsberg.
10:18 of 1st period - Deflect By Jack Hughes.
10:18 of 1st period - Shot Blocked by Conor Sheary.
10:18 of 1st period - Puck is out of play.
10:19 of 1st period - Sidney Crosby wins face-off versus Evgeni Malkin in Minnesota North Stars zone.
10:24 of 1st period - Snap shot by Filip Forsberg.
10:24 of 1st period - Stopped by Antti Raanta with a rebound.
10:26 of 1st period - Snap shot by Christian Fischer.
10:26 of 1st period - Goal by Christian Fischer - Montreal Canadiens : 1 - Minnesota North Stars : 0.
10:27 of 1st period - Evgeni Malkin wins face-off versus Martin Necas in neutral zone.
11:15 of 1st period - Snap shot by Yegor Sharangovich.
11:15 of 1st period - Deflect By Gustav Nyquist.
11:15 of 1st period - Shot Misses the Net.
11:15 of 1st period - Puck is out of play.
11:16 of 1st period - Andrew Poturalski wins face-off versus Tomas Nosek in Montreal Canadiens zone.
11:31 of 1st period - Slapshot by Adam Fox.
11:31 of 1st period - Shot Blocked by Alex Goligoski.
11:38 of 1st period - Icing by Andrew Poturalski.
11:39 of 1st period - Sidney Crosby wins face-off versus Andrew Poturalski in Minnesota North Stars zone.
11:47 of 1st period - Wrist shot by Miles Wood.
11:47 of 1st period - Stopped by Antti Raanta without a rebound.
11:48 of 1st period - Evgeni Malkin wins face-off versus Martin Necas in Minnesota North Stars zone.
12:35 of 1st period - Wrist shot by Matty Beniers.
12:35 of 1st period - Shot Blocked by Yegor Sharangovich.
13:22 of 1st period - Off-side.
13:23 of 1st period - Sidney Crosby wins face-off versus Jack Hughes in neutral zone.
13:58 of 1st period - Backhand shot by Jeff Skinner.
13:58 of 1st period - Stopped by Jacob Markstrom with a rebound.
14:00 of 1st period - Snap shot by Viktor Arvidsson.
14:00 of 1st period - Deflect By Jeff Skinner.
14:00 of 1st period - Stopped by Jacob Markstrom without a rebound.
14:01 of 1st period - Sidney Crosby wins face-off versus Evgeni Malkin in Montreal Canadiens zone.
14:27 of 1st period - Patrik Laine is hit by Jeff Skinner and loses puck.
14:36 of 1st period - Snap shot by Viktor Arvidsson.
14:36 of 1st period - Shot Misses the Net.
14:40 of 1st period - Snap shot by Viktor Arvidsson.
14:40 of 1st period - Stopped by Jacob Markstrom without a rebound.
14:41 of 1st period - Andrew Poturalski wins face-off versus Sidney Crosby in Montreal Canadiens zone.
14:54 of 1st period - Snap shot by Filip Forsberg.
14:54 of 1st period - Shot Misses the Net.
14:56 of 1st period - Snap shot by Brady Skjei.
14:56 of 1st period - Stopped by Antti Raanta without a rebound.
14:57 of 1st period - Evgeni Malkin wins face-off versus Martin Necas in Minnesota North Stars zone.
14:57 of 1st period - Evgeni Malkin is hit by Tyler Myers.
15:03 of 1st period - Wrist shot by Jack Hughes.
15:03 of 1st period - Stopped by Jacob Markstrom with a rebound.
15:22 of 1st period - Sidney Crosby is hit by Zdeno Chara and loses puck.
15:33 of 1st period - Jeff Skinner is hit by Filip Forsberg and loses puck.
16:13 of 1st period - Wrist shot by Yegor Sharangovich.
16:13 of 1st period - Stopped by Jacob Markstrom without a rebound.
16:14 of 1st period - Evgeni Malkin wins face-off versus Sidney Crosby in Montreal Canadiens zone.
16:29 of 1st period - Wrist shot by Evgeni Malkin.
16:29 of 1st period - Shot Misses the Net.
16:31 of 1st period - Slapshot by Jack Hughes.
16:31 of 1st period - Stopped by Jacob Markstrom with a rebound.
16:41 of 1st period - Christian Fischer is hit by Adam Lowry.
17:01 of 1st period - Gustav Forsling is hit by Brady Skjei and loses puck.
17:20 of 1st period - Snap shot by Filip Forsberg.
17:20 of 1st period - Shot Blocked by Andrew Poturalski.
17:22 of 1st period - Snap shot by Christian Fischer.
17:22 of 1st period - Stopped by Antti Raanta without a rebound.
17:23 of 1st period - Evgeni Malkin wins face-off versus Tomas Nosek in Minnesota North Stars zone.
17:23 of 1st period - Zdeno Chara beats up Laurent Dauphin.
17:23 of 1st period - Penalty to Zdeno Chara for Fighting.
17:23 of 1st period - Penalty to Laurent Dauphin for Fighting.
17:24 of 1st period - Evgeni Malkin wins face-off versus Tomas Nosek in Minnesota North Stars zone.
17:31 of 1st period - Slapshot by Adam Fox.
17:31 of 1st period - Shot Misses the Net.
18:12 of 1st period - Snap shot by Viktor Arvidsson.
18:12 of 1st period - Shot Blocked by Alexandre Carrier.
18:31 of 1st period - Tyson Jost is hit by Andrew Poturalski and loses puck.
18:40 of 1st period - Alex Goligoski is hit by Matty Beniers and loses puck.
18:56 of 1st period - Tyson Jost is hit by Neal Pionk.
19:06 of 1st period - Andrew Poturalski is hit by Alexandre Carrier and loses puck.
19:41 of 1st period - Snap shot by Jack Quinn.
19:41 of 1st period - Stopped by Antti Raanta without a rebound.
19:42 of 1st period - Martin Necas wins face-off versus Evgeni Malkin in Minnesota North Stars zone.
19:45 of 1st period - Wrist shot by Miles Wood.
19:45 of 1st period - Shot Misses the Net.
19:47 of 1st period - Slapshot by Brady Skjei.
19:47 of 1st period - Shot Blocked by Gustav Forsling.
19:49 of 1st period - Slapshot by Filip Hronek.
19:49 of 1st period - Shot Misses the Net.
19:51 of 1st period - Snap shot by Miles Wood.
19:51 of 1st period - Goal by Miles Wood - Montreal Canadiens : 2 - Minnesota North Stars : 0.
19:52 of 1st period - Evgeni Malkin wins face-off versus Miles Wood in neutral zone.
19:55 of 1st period - Snap shot by Evgeni Malkin.
19:55 of 1st period - Stopped by Jacob Markstrom without a rebound.
19:56 of 1st period - Evgeni Malkin wins face-off versus Miles Wood in Montreal Canadiens zone.
19:59 of 1st period - Wrist shot by Evgeni Malkin.
19:59 of 1st period - Stopped by Jacob Markstrom with a rebound.
Goals for this period are 2 for Montreal Canadiens vs 0 for Minnesota North Stars.
Shots for this period are 14 for Montreal Canadiens vs 10 for Minnesota North Stars.
2nd period
0:01 of 2nd period - Evgeni Malkin wins face-off versus Tomas Nosek in neutral zone.
0:08 of 2nd period - Snap shot by Jack Hughes.
0:08 of 2nd period - Shot Misses the Net.
0:58 of 2nd period - Sidney Crosby is hit by Andrew Poturalski and loses puck.
1:15 of 2nd period - Snap shot by Matty Beniers.
1:15 of 2nd period - Shot Misses the Net.
1:20 of 2nd period - Minor Penalty to Nino Niederreiter for Goalie Interference.
1:21 of 2nd period - Sidney Crosby wins face-off versus Adam Lowry in Minnesota North Stars zone.
2:18 of 2nd period - Neal Pionk is hit by Christian Fischer and loses puck.
2:23 of 2nd period - Penalty to Zdeno Chara is over, Zdeno Chara is back on ice.
3:20 of 2nd period - Penalty to Nino Niederreiter is over, Nino Niederreiter is back on ice.
3:27 of 2nd period - Snap shot by Tomas Nosek.
3:27 of 2nd period - Stopped by Antti Raanta without a rebound.
3:28 of 2nd period - Evgeni Malkin wins face-off versus Tomas Nosek in Minnesota North Stars zone.
3:33 of 2nd period - Wrist shot by Colton Sceviour.
3:33 of 2nd period - Shot Misses the Net.
3:37 of 2nd period - Snap shot by Tomas Nosek.
3:37 of 2nd period - Goal by Tomas Nosek - Montreal Canadiens : 3 - Minnesota North Stars : 0.
3:38 of 2nd period - Evgeni Malkin wins face-off versus Martin Necas in neutral zone.
3:41 of 2nd period - Slapshot by Rasmus Dahlin.
3:41 of 2nd period - Shot Blocked by Miles Wood.
3:47 of 2nd period - Jack Hughes is hit by Tyler Myers and loses puck.
4:04 of 2nd period - Zdeno Chara is hit by Colton Sceviour and loses puck.
4:27 of 2nd period - Wrist shot by Matty Beniers.
4:27 of 2nd period - Shot Misses the Net.
4:29 of 2nd period - Snap shot by Tyson Jost.
4:29 of 2nd period - Stopped by Antti Raanta without a rebound.
4:30 of 2nd period - Matty Beniers wins face-off versus Evgeni Malkin in Minnesota North Stars zone.
5:25 of 2nd period - Snap shot by Gustav Nyquist.
5:25 of 2nd period - Stopped by Jacob Markstrom without a rebound.
5:26 of 2nd period - Sidney Crosby wins face-off versus Andrew Poturalski in Montreal Canadiens zone.
5:43 of 2nd period - Slapshot by Rasmus Dahlin.
5:43 of 2nd period - Stopped by Jacob Markstrom without a rebound.
5:44 of 2nd period - Martin Necas wins face-off versus Evgeni Malkin in Montreal Canadiens zone.
6:09 of 2nd period - Brady Skjei is hit by Rasmus Dahlin and loses puck.
7:10 of 2nd period - Justin Holl is hit by Tyler Myers and loses puck.
7:55 of 2nd period - Slapshot by Sidney Crosby.
7:55 of 2nd period - Stopped by Antti Raanta without a rebound.
7:56 of 2nd period - Adam Lowry wins face-off versus Martin Necas in Minnesota North Stars zone.
8:17 of 2nd period - Minor Penalty to Jeff Skinner for Hooking.
8:18 of 2nd period - Sidney Crosby wins face-off versus Adam Lowry in Minnesota North Stars zone.
9:42 of 2nd period - Adam Fox is hit by Rasmus Dahlin and loses puck.
10:13 of 2nd period - Slapshot by Adam Fox.
10:13 of 2nd period - Deflect By Laurent Dauphin.
10:13 of 2nd period - Stopped by Antti Raanta with a rebound.
10:17 of 2nd period - Penalty to Jeff Skinner is over, Jeff Skinner is back on ice.
10:43 of 2nd period - Gustav Forsling is hit by Laurent Dauphin.
11:23 of 2nd period - Off-side.
11:24 of 2nd period - Tomas Nosek wins face-off versus Andrew Poturalski in neutral zone.
11:49 of 2nd period - Slapshot by Jeff Skinner.
11:49 of 2nd period - Stopped by Jacob Markstrom with a rebound.
11:51 of 2nd period - Wrist shot by Jeff Skinner.
11:51 of 2nd period - Deflect By Adam Lowry.
11:51 of 2nd period - Shot Misses the Net.
11:51 of 2nd period - Puck is out of play.
11:52 of 2nd period - Adam Lowry wins face-off versus Martin Necas in Montreal Canadiens zone.
11:55 of 2nd period - Snap shot by Viktor Arvidsson.
11:55 of 2nd period - Shot Misses the Net.
11:57 of 2nd period - Slapshot by Jeff Skinner.
11:57 of 2nd period - Deflect By Viktor Arvidsson.
11:57 of 2nd period - Deflect By Miles Wood.
11:57 of 2nd period - Stopped by Jacob Markstrom with a rebound.
12:01 of 2nd period - Wrist shot by Jeff Skinner.
12:01 of 2nd period - Shot Blocked by Alexandre Carrier.
12:28 of 2nd period - Miles Wood is hit by Evgeni Malkin and loses puck.
13:01 of 2nd period - Backhand shot by Rasmus Dahlin.
13:01 of 2nd period - Stopped by Jacob Markstrom without a rebound.
13:02 of 2nd period - Jack Hughes wins face-off versus Matty Beniers in Montreal Canadiens zone.
13:05 of 2nd period - Snap shot by Conor Sheary.
13:05 of 2nd period - Shot Blocked by Adam Fox.
13:13 of 2nd period - Justin Holl is hit by Tyson Jost and loses puck.
13:28 of 2nd period - Christian Fischer is hit by Gustav Forsling and loses puck.
13:50 of 2nd period - Wrist shot by Martin Necas.
13:50 of 2nd period - Goal by Martin Necas - Montreal Canadiens : 4 - Minnesota North Stars : 0.
13:51 of 2nd period - Evgeni Malkin wins face-off versus Miles Wood in neutral zone.
14:22 of 2nd period - Rasmus Dahlin is hit by Christian Fischer and loses puck.
16:03 of 2nd period - Slapshot by Filip Hronek.
16:03 of 2nd period - Shot Misses the Net.
16:05 of 2nd period - Wrist shot by Laurent Dauphin.
16:05 of 2nd period - Stopped by Antti Raanta with a rebound.
16:07 of 2nd period - Snap shot by Filip Hronek.
16:07 of 2nd period - Shot Hit the Post.
16:13 of 2nd period - Minor Penalty to Conor Sheary for High sticking.
16:14 of 2nd period - Adam Lowry wins face-off versus Sidney Crosby in Minnesota North Stars zone.
16:54 of 2nd period - Off-side.
16:55 of 2nd period - Evgeni Malkin wins face-off versus Sidney Crosby in neutral zone.
17:41 of 2nd period - Off-side.
17:42 of 2nd period - Sidney Crosby wins face-off versus Adam Lowry in neutral zone.
17:47 of 2nd period - Wrist shot by Patrik Laine.
17:47 of 2nd period - Shot Misses the Net.
17:54 of 2nd period - Icing by Patrik Laine.
17:55 of 2nd period - Sidney Crosby wins face-off versus Adam Lowry in Montreal Canadiens zone.
18:10 of 2nd period - Wrist shot by Filip Forsberg.
18:10 of 2nd period - Goal by Filip Forsberg - Montreal Canadiens : 5 - Minnesota North Stars : 0.
18:10 of 2nd period - Brian Elliott enters game.
18:11 of 2nd period - Martin Necas wins face-off versus Evgeni Malkin in neutral zone.
18:16 of 2nd period - Slapshot by Miles Wood.
18:16 of 2nd period - Stopped by Brian Elliott without a rebound.
18:17 of 2nd period - Martin Necas wins face-off versus David Perron in Minnesota North Stars zone.
18:23 of 2nd period - Minor Penalty to Evgeni Malkin for Interference.
18:24 of 2nd period - Sidney Crosby wins face-off versus Adam Lowry in Minnesota North Stars zone.
18:58 of 2nd period - Snap shot by Martin Necas.
18:58 of 2nd period - Shot Misses the Net.
19:10 of 2nd period - Brady Skjei is hit by Adam Lowry and loses puck.
Goals for this period are 3 for Montreal Canadiens vs 0 for Minnesota North Stars.
Shots for this period are 9 for Montreal Canadiens vs 5 for Minnesota North Stars.
3rd period
0:01 of 3rd period - Adam Lowry wins face-off versus Sidney Crosby in neutral zone.
0:04 of 3rd period - Snap shot by Rasmus Dahlin.
0:04 of 3rd period - Deflect By Jack Hughes.
0:04 of 3rd period - Stopped by Jacob Markstrom with a rebound.
0:23 of 3rd period - Penalty to Evgeni Malkin is over, Evgeni Malkin is back on ice.
0:50 of 3rd period - Wrist shot by David Perron.
0:50 of 3rd period - Shot Misses the Net.
0:52 of 3rd period - Slapshot by Jack Hughes.
0:52 of 3rd period - Shot Misses the Net.
0:54 of 3rd period - Slapshot by Jack Hughes.
0:54 of 3rd period - Shot Blocked by Filip Hronek.
0:56 of 3rd period - Snap shot by David Perron.
0:56 of 3rd period - Stopped by Jacob Markstrom without a rebound.
0:57 of 3rd period - Sidney Crosby wins face-off versus Adam Lowry in Montreal Canadiens zone.
0:57 of 3rd period - Sidney Crosby is hit by Viktor Arvidsson.
1:19 of 3rd period - Minor Penalty to Adam Lowry for Roughing.
1:20 of 3rd period - Sidney Crosby wins face-off versus Yegor Sharangovich in Minnesota North Stars zone.
1:52 of 3rd period - Icing by Filip Hronek.
1:53 of 3rd period - Sidney Crosby wins face-off versus Yegor Sharangovich in Montreal Canadiens zone.
1:53 of 3rd period - Sidney Crosby is hit by Jack Hughes.
2:17 of 3rd period - Christian Fischer is hit by Alex Goligoski and loses puck.
2:40 of 3rd period - Filip Hronek is hit by Neal Pionk and loses puck.
3:19 of 3rd period - Penalty to Adam Lowry is over, Adam Lowry is back on ice.
3:29 of 3rd period - Backhand shot by Rasmus Dahlin.
3:29 of 3rd period - Stopped by Jacob Markstrom without a rebound.
3:30 of 3rd period - Adam Lowry wins face-off versus Laurent Dauphin in Montreal Canadiens zone.
4:08 of 3rd period - Tomas Nosek is hit by Evgeni Malkin and loses puck.
4:52 of 3rd period - Wrist shot by Jack Hughes.
4:52 of 3rd period - Shot Misses the Net.
4:54 of 3rd period - Snap shot by Nino Niederreiter.
4:54 of 3rd period - Shot Blocked by Filip Hronek.
4:56 of 3rd period - Backhand shot by Jack Hughes.
4:56 of 3rd period - Deflect By Matty Beniers.
4:56 of 3rd period - Stopped by Jacob Markstrom without a rebound.
4:57 of 3rd period - Jack Hughes wins face-off versus Matty Beniers in Montreal Canadiens zone.
5:20 of 3rd period - Snap shot by Matty Beniers.
5:20 of 3rd period - Shot Blocked by Jack Hughes.
5:22 of 3rd period - Snap shot by Tyson Jost.
5:22 of 3rd period - Shot Misses the Net.
5:24 of 3rd period - Slapshot by Jack Quinn.
5:24 of 3rd period - Shot Misses the Net.
5:34 of 3rd period - Snap shot by Matty Beniers.
5:34 of 3rd period - Deflect By David Perron.
5:34 of 3rd period - Stopped by Brian Elliott with a rebound.
5:36 of 3rd period - Slapshot by Brady Skjei.
5:36 of 3rd period - Shot Blocked by Alex Goligoski.
5:38 of 3rd period - Snap shot by Matty Beniers.
5:38 of 3rd period - Shot Misses the Net.
5:40 of 3rd period - Wrist shot by Jack Quinn.
5:40 of 3rd period - Shot Misses the Net.
5:42 of 3rd period - Wrist shot by Tyson Jost.
5:42 of 3rd period - Shot Misses the Net.
5:44 of 3rd period - Snap shot by Tyson Jost.
5:44 of 3rd period - Shot Blocked by Neal Pionk.
5:52 of 3rd period - Snap shot by Jack Quinn.
5:52 of 3rd period - Shot Misses the Net.
5:54 of 3rd period - Slapshot by Brady Skjei.
5:54 of 3rd period - Shot Blocked by David Perron.
5:56 of 3rd period - Wrist shot by Matty Beniers.
5:56 of 3rd period - Stopped by Brian Elliott without a rebound.
5:57 of 3rd period - Adam Lowry wins face-off versus Patrik Laine in Minnesota North Stars zone.
5:59 of 3rd period - Minor Penalty to Adam Lowry for Slashing.
6:00 of 3rd period - Sidney Crosby wins face-off versus Yegor Sharangovich in Minnesota North Stars zone.
6:20 of 3rd period - Slapshot by Adam Fox.
6:20 of 3rd period - Deflect By Christian Fischer.
6:20 of 3rd period - Shot Misses the Net.
6:20 of 3rd period - Puck is out of play.
6:21 of 3rd period - Matty Beniers wins face-off versus Yegor Sharangovich in Minnesota North Stars zone.
6:50 of 3rd period - Slapshot by Filip Forsberg.
6:50 of 3rd period - Goal by Filip Forsberg - Montreal Canadiens : 6 - Minnesota North Stars : 0.
6:51 of 3rd period - Evgeni Malkin wins face-off versus Martin Necas in neutral zone.
7:06 of 3rd period - Slapshot by Martin Necas.
7:06 of 3rd period - Stopped by Brian Elliott with a rebound.
7:25 of 3rd period - Snap shot by Jeff Skinner.
7:25 of 3rd period - Deflect By Viktor Arvidsson.
7:25 of 3rd period - Goal by Viktor Arvidsson - Montreal Canadiens : 6 - Minnesota North Stars : 1.
7:26 of 3rd period - Evgeni Malkin wins face-off versus Martin Necas in neutral zone.
7:33 of 3rd period - Snap shot by Jack Hughes.
7:33 of 3rd period - Stopped by Jacob Markstrom without a rebound.
7:34 of 3rd period - Jack Hughes wins face-off versus Martin Necas in Montreal Canadiens zone.
7:47 of 3rd period - Snap shot by Evgeni Malkin.
7:47 of 3rd period - Stopped by Jacob Markstrom with a rebound.
7:49 of 3rd period - Snap shot by Zdeno Chara.
7:49 of 3rd period - Shot Misses the Net.
7:51 of 3rd period - Snap shot by Zdeno Chara.
7:51 of 3rd period - Stopped by Jacob Markstrom without a rebound.
7:52 of 3rd period - Adam Lowry wins face-off versus Sidney Crosby in Montreal Canadiens zone.
7:55 of 3rd period - Wrist shot by Jeff Skinner.
7:55 of 3rd period - Stopped by Jacob Markstrom with a rebound.
8:06 of 3rd period - Zdeno Chara and Sidney Crosby fight to a draw.
8:06 of 3rd period - Penalty to Zdeno Chara for Fighting.
8:06 of 3rd period - Penalty to Sidney Crosby for Fighting.
8:07 of 3rd period - Evgeni Malkin wins face-off versus Tyson Jost in Montreal Canadiens zone.
8:08 of 3rd period - Slapshot by David Perron.
8:08 of 3rd period - Shot Misses the Net.
8:10 of 3rd period - Slapshot by Gustav Forsling.
8:10 of 3rd period - Shot Blocked by Christian Fischer.
8:12 of 3rd period - Slapshot by Rasmus Dahlin.
8:12 of 3rd period - Stopped by Jacob Markstrom without a rebound.
8:13 of 3rd period - Tyson Jost wins face-off versus David Perron in Montreal Canadiens zone.
8:51 of 3rd period - Slapshot by Evgeni Malkin.
8:51 of 3rd period - Stopped by Jacob Markstrom without a rebound.
8:52 of 3rd period - Adam Lowry wins face-off versus Martin Necas in Montreal Canadiens zone.
8:55 of 3rd period - Slapshot by Viktor Arvidsson.
8:55 of 3rd period - Goal by Viktor Arvidsson - Montreal Canadiens : 6 - Minnesota North Stars : 2.
8:56 of 3rd period - Evgeni Malkin wins face-off versus Martin Necas in neutral zone.
8:59 of 3rd period - Wrist shot by Rasmus Dahlin.
8:59 of 3rd period - Stopped by Jacob Markstrom with a rebound.
9:09 of 3rd period - Wrist shot by Patrik Laine.
9:09 of 3rd period - Shot Misses the Net.
9:11 of 3rd period - Snap shot by Miles Wood.
9:11 of 3rd period - Shot Misses the Net.
9:21 of 3rd period - Tyson Jost is hit by Jeff Skinner.
9:47 of 3rd period - Rasmus Dahlin is hit by Adam Fox and loses puck.
10:00 of 3rd period - Wrist shot by Evgeni Malkin.
10:00 of 3rd period - Deflect By Patrik Laine.
10:00 of 3rd period - Shot Misses the Net.
10:00 of 3rd period - Puck is out of play.
10:01 of 3rd period - Martin Necas wins face-off versus Evgeni Malkin in Montreal Canadiens zone.
10:10 of 3rd period - Wrist shot by Martin Necas.
10:10 of 3rd period - Shot Blocked by Neal Pionk.
10:32 of 3rd period - Snap shot by Gustav Nyquist.
10:32 of 3rd period - Stopped by Jacob Markstrom without a rebound.
10:33 of 3rd period - Martin Necas wins face-off versus Andrew Poturalski in Montreal Canadiens zone.
10:48 of 3rd period - Slapshot by Yegor Sharangovich.
10:48 of 3rd period - Shot Misses the Net.
10:50 of 3rd period - Minor Penalty to Miles Wood for Hooking.
10:51 of 3rd period - Tomas Nosek wins face-off versus Evgeni Malkin in Montreal Canadiens zone.
11:02 of 3rd period - Wrist shot by Tyson Jost.
11:02 of 3rd period - Shot Misses the Net.
11:04 of 3rd period - Slapshot by Tyler Myers.
11:04 of 3rd period - Stopped by Brian Elliott without a rebound.
11:05 of 3rd period - Evgeni Malkin wins face-off versus Tomas Nosek in Minnesota North Stars zone.
11:19 of 3rd period - Wrist shot by Evgeni Malkin.
11:19 of 3rd period - Shot Misses the Net.
11:21 of 3rd period - Slapshot by Rasmus Dahlin.
11:21 of 3rd period - Shot Misses the Net.
11:37 of 3rd period - Slapshot by Jeff Skinner.
11:37 of 3rd period - Shot Blocked by Adam Fox.
11:41 of 3rd period - Snap shot by Jeff Skinner.
11:41 of 3rd period - Shot Misses the Net.
12:41 of 3rd period - Laurent Dauphin is hit by David Perron and loses puck.
12:50 of 3rd period - Penalty to Miles Wood is over, Miles Wood is back on ice.
12:56 of 3rd period - Andrew Poturalski is hit by Filip Hronek and loses puck.
14:10 of 3rd period - Minor Penalty to Sidney Crosby for Slashing.
14:11 of 3rd period - Tomas Nosek wins face-off versus Evgeni Malkin in Montreal Canadiens zone.
14:49 of 3rd period - Slapshot by Neal Pionk.
14:49 of 3rd period - Shot Misses the Net.
16:10 of 3rd period - Penalty to Sidney Crosby is over, Sidney Crosby is back on ice.
17:10 of 3rd period - Zdeno Chara is hit by Martin Necas and loses puck.
17:41 of 3rd period - Minor Penalty to Tyler Myers for Hooking.
17:42 of 3rd period - Evgeni Malkin wins face-off versus Sidney Crosby in Montreal Canadiens zone.
17:45 of 3rd period - Wrist shot by Evgeni Malkin.
17:45 of 3rd period - Stopped by Jacob Markstrom with a rebound.
19:07 of 3rd period - Martin Necas is hit by Jeff Skinner and loses puck.
19:41 of 3rd period - Penalty to Tyler Myers is over, Tyler Myers is back on ice.
19:50 of 3rd period - Wrist shot by Filip Forsberg.
19:50 of 3rd period - Stopped by Brian Elliott without a rebound.
19:51 of 3rd period - Sidney Crosby wins face-off versus Jack Hughes in Minnesota North Stars zone.
19:56 of 3rd period - Slapshot by Filip Forsberg.
19:56 of 3rd period - Stopped by Brian Elliott without a rebound.
19:57 of 3rd period - Jack Hughes wins face-off versus Martin Necas in Minnesota North Stars zone.
19:59 of 3rd period - Minor Penalty to Nino Niederreiter for Hooking.
Goals for this period are 1 for Montreal Canadiens vs 2 for Minnesota North Stars.
Shots for this period are 7 for Montreal Canadiens vs 15 for Minnesota North Stars.
Goals for this period are 1 for Montreal Canadiens vs 2 for Minnesota North Stars.
Shots for this period are 7 for Montreal Canadiens vs 15 for Minnesota North Stars.
Back to the Top